[Event "Titled Tuesday Blitz February 14 Late 2023"]
[White "Martynov, Pavel"]
[Black "Haszon, David"]
[WhiteFideId "4101260"]
[BlackFideId "733610"]
[WhiteElo "2414"]
[BlackElo "2264"]
[Result "1-0"]
[Round "03"]
[TimeControl "180+2"]
[Date "2023.02.14"]
[WhiteClock "0:00:08"]
[BlackClock "0:00:14"]

1. e4 c5 2. Nf3 Nc6 3. Bb5 g6 4. O-O Bg7 5. Re1 e5 6. c3 Nge7 7. Na3 a6 8. Bf1 O-O 9. Nc2 d5 10. exd5 Nxd5 11. h3 Re8 12. d3 b5 13. d4 exd4 14. Rxe8+ Qxe8 15. cxd4 c4 16. a4 Bb7 17. Ne3 Nxe3 18. Bxe3 Nb4 19. Ne5 Nd5 20. axb5 Nxe3 21. fxe3 Bxe5 22. bxa6 Rxa6 23. Rxa6 Bxa6 24. dxe5 Qxe5 25. Qd4 Qe6 26. e4 h5 27. Be2 Kh7 28. Kf2 Bb5 29. b3 Bc6 30. Bxc4 Qe7 31. Bd5 Bb5 32. Qe3 Qh4+ 33. Qg3 Qf6+ 34. Qf3 Qb2+ 35. Kg3 Qe5+ 36. Kf2 Qb2+ 37. Kg3 Qc1 38. Qxf7+ Kh6 39. Qf4+ Qxf4+ 40. Kxf4 g5+ 41. Kf5 Bd7+ 42. Kf6 g4 43. hxg4 Bxg4 44. g3 Kh7 45. e5 1-0


[Site "https://www.chess.com"]

[Event "Titled Tuesday Blitz February 14 Late 2023"]
[White "Vaglio Mattey, Emanuel"]
[Black "Vovk, Orest"]
[WhiteFideId "6504167"]
[BlackFideId "14113490"]
[WhiteElo "2155"]
[BlackElo "2315"]
[Result "0-1"]
[Round "03"]
[TimeControl "180+2"]
[Date "2023.02.14"]
[WhiteClock "0:00:10"]
[BlackClock "0:00:49"]

1. d4 h6 2. c4 g5 3. h4 g4 4. g3 Bg7 5. Bg2 c5 6. d5 d6 7. Nc3 Bxc3+ 8. bxc3 Qa5 9. Bd2 Nf6 10. e4 Nbd7 11. Ne2 Ne5 12. Nf4 Nxc4 13. O-O Nxd2 14. Qxd2 Nd7 15. Rfe1 Ne5 16. Nd3 Nxd3 17. Qxd3 f6 18. e5 fxe5 19. Qg6+ Kd8 20. Qg7 Re8 21. Qxh6 Qxc3 22. Rac1 Qa3 23. Qg5 Bd7 24. h5 Kc7 25. Rc2 b6 26. Rxe5 dxe5 27. Qxe5+ Kb7 28. d6+ Bc6 29. Bxc6+ Kxc6 30. Qe4+ Kxd6 31. Rd2+ Kc7 32. Qe5+ Kb7 33. Rd7+ Ka6 34. Qe2+ b5 35. Rd3 Qc1+ 36. Kg2 Rad8 37. Qe6+ Ka5 38. Re3 Rd1 39. f4 Rg1+ 40. Kh2 Rh1+ 41. Kg2 Qg1# 0-1


[Site "https://www.chess.com"]

[Event "Titled Tuesday Blitz February 14 Late 2023"]
[White "vjecspec"]
[Black "Kielinkei"]
[WhiteElo "2552"]
[BlackElo "2399"]
[Result "0-1"]
[Round "03"]
[TimeControl "180+2"]
[Date "2023.02.14"]
[WhiteClock "0:00:19"]
[BlackClock "0:00:23"]

1. e4 c5 2. Nf3 e6 3. c4 Nc6 4. d4 cxd4 5. Nxd4 Nf6 6. Nc3 Bb4 7. Nxc6 bxc6 8. Bd3 Qc7 9. O-O O-O 10. Bg5 Be7 11. Re1 e5 12. a3 d6 13. b4 Be6 14. Qc2 h6 15. Bh4 Rfd8 16. Rac1 Nh5 17. Bg3 Bg5 18. Rcd1 Nf4 19. Ne2 Qe7 20. Bxf4 exf4 21. Nd4 c5 22. Nc6 Qf6 23. Nxd8 Rxd8 24. bxc5 dxc5 25. e5 Qe7 26. Bh7+ Kh8 27. Rxd8+ Qxd8 28. Rd1 Qe7 29. Be4 Bg4 30. f3 Be6 31. Qd3 Kg8 32. Qd6 Qxd6 33. exd6 Bxc4 34. Rc1 Be6 35. Rxc5 Kf8 36. Bf5 Bd8 37. Kf1 Bb6 38. Rb5 Bc4+ 39. Ke1 Bxb5 40. Kd2 Ke8 41. Kc3 Bd7 42. Be4 Bc5 0-1


[Site "https://www.chess.com"]

[Event "Titled Tuesday Blitz February 14 Late 2023"]
[White "Al-Tarboush, Ward"]
[Black "Kaganskiy, Gleb"]
[WhiteFideId "7601450"]
[BlackFideId "4132025"]
[WhiteElo "2256"]
[BlackElo "2205"]
[Result "1-0"]
[Round "03"]
[TimeControl "180+2"]
[Date "2023.02.14"]
[WhiteClock "0:00:26"]
[BlackClock "0:00:11"]

1. e4 e6 2. d4 d5 3. exd5 exd5 4. Bd3 c5 5. Nf3 Nf6 6. O-O Bd6 7. Re1+ Be6 8. Ng5 O-O 9. Rxe6 fxe6 10. Nxe6 Bxh2+ 11. Kh1 Qd6 12. Nxf8 Kxf8 13. dxc5 Qc7 14. Qf3 Be5 15. Nc3 Nc6 16. Nxd5 Qf7 17. Nxf6 Bxf6 18. Bf4 Nd4 19. Bd6+ Kg8 20. Qh3 g6 21. b3 Kg7 22. Re1 Re8 23. Rxe8 Qxe8 24. Qe3 Qd7 25. c3 Ne6 26. g3 Ng5 27. Kg2 Qh3+ 28. Kg1 Qg4 29. Be2 Nh3+ 30. Kg2 Qf5 31. g4 Qd5+ 32. Kxh3 Qh1+ 33. Bh2 1-0


[Site "https://www.chess.com"]

[Event "Titled Tuesday Blitz February 14 Late 2023"]
[White "Fan_Of_Chucky"]
[Black "Moral Garcia, Serafin"]
[BlackFideId "2201925"]
[WhiteElo "2398"]
[BlackElo "2238"]
[Result "1-0"]
[Round "03"]
[TimeControl "180+2"]
[Date "2023.02.14"]
[WhiteClock "0:00:04"]
[BlackClock "0:00:20"]

1. d4 Nf6 2. c4 g6 3. Nf3 Bg7 4. g3 O-O 5. Bg2 d5 6. O-O dxc4 7. Na3 c3 8. bxc3 c5 9. Re1 Nc6 10. Bb2 Qb6 11. Nc4 Qa6 12. Nfe5 Be6 13. Nxc6 bxc6 14. Ne5 Rac8 15. e4 Rfd8 16. Qc2 Nd7 17. Nd3 Bc4 18. Nf4 cxd4 19. cxd4 e5 20. dxe5 Nxe5 21. a3 Nd3 22. Nxd3 Bxd3 23. Qc1 c5 24. Bxg7 Kxg7 25. Qc3+ Qf6 26. e5 Qe6 27. Bf1 c4 28. Rad1 Bxf1 29. Rxf1 Rxd1 30. Rxd1 Rc5 31. f4 Rb5 32. Rd6 Qh3 33. Rd1 Rb3 34. Qd4 Qe6 35. Rc1 Rxa3 36. Qxc4 Qb6+ 37. Qc5 Qb2 38. Qc2 Qd4+ 39. Qf2 Qe4 40. e6 Qxe6 41. Qb2+ Qf6 42. Qxa3 Qd4+ 43. Kg2 h5 44. Qc3 1-0


[Site "https://www.chess.com"]

[Event "Titled Tuesday Blitz February 14 Late 2023"]
[White "AyMitecK"]
[Black "Fernandez Siles, Luis"]
[BlackFideId "2209420"]
[WhiteElo "2577"]
[BlackElo "2218"]
[Result "1-0"]
[Round "03"]
[TimeControl "180+2"]
[Date "2023.02.14"]
[WhiteClock "0:02:00"]
[BlackClock "0:00:07"]

1. e4 c5 2. Nf3 Nc6 3. Bb5 g6 4. O-O Bg7 5. Re1 Nf6 6. e5 Nd5 7. Nc3 Nc7 8. Bxc6 dxc6 9. Ne4 b6 10. Nf6+ Kf8 11. Ne4 Bg4 12. d3 Ne6 13. Ned2 g5 14. h3 Bh5 15. g4 Bg6 16. Ne4 h6 17. Ng3 Kg8 18. h4 gxh4 19. Nxh4 Qd5 20. Nhf5 Re8 21. f4 f6 22. Nxg7 Nxg7 23. f5 Qd4+ 24. Kg2 Qd5+ 25. Kf2 1-0


[Site "https://www.chess.com"]

[Event "Titled Tuesday Blitz February 14 Late 2023"]
[White "Gerbelli Neto, Eduardo"]
[Black "Danielyan, Vahe"]
[WhiteFideId "2103281"]
[BlackFideId "13304828"]
[WhiteElo "2114"]
[BlackElo "2346"]
[Result "1/2-1/2"]
[Round "03"]
[TimeControl "180+2"]
[Date "2023.02.14"]
[WhiteClock "0:00:15"]
[BlackClock "0:01:21"]

1. e4 d5 2. exd5 Qxd5 3. Nc3 Qe5+ 4. Be2 Bg4 5. d4 Bxe2 6. Ngxe2 Qa5 7. O-O Nf6 8. b4 Qh5 9. Ng3 Qxd1 10. Rxd1 e6 11. Nb5 Na6 12. a3 c6 13. Nc3 O-O-O 14. Bf4 Bd6 15. Bxd6 Rxd6 16. Nge4 Nxe4 17. Nxe4 Rd7 18. Rd3 Rhd8 19. Rad1 Nc7 20. c4 e5 21. d5 cxd5 22. Nc5 Rd6 23. Ne4 R6d7 24. Nc5 d4 25. Nxd7 Kxd7 26. f4 f6 27. fxe5 fxe5 28. Rh3 h6 29. Rg3 Ne6 30. Rf3 Ke7 31. Rf5 e4 32. Kf2 g6 33. Ra5 a6 34. g3 e3+ 35. Ke2 Rf8 36. b5 Rf2+ 37. Kd3 axb5 38. Rxb5 Ra2 39. Rxb7+ Kd6 40. Rb6+ Kd7 41. Rxe6 Kxe6 42. Kxd4 Rxa3 43. Re1 Ra2 44. Rxe3+ Kd7 45. h4 Ra4 46. Kd5 Ra2 47. Ke5 Rf2 48. Rd3+ Ke7 49. c5 Rf5+ 50. Kd4 Kd7 51. Kc4+ Kc7 52. Rd6 g5 53. hxg5 Rxg5 54. Rxh6 Rxg3 55. Kd5 Rg5+ 56. Kc4 Rg4+ 57. Kb5 Rg7 58. Rc6+ Kb7 59. Rb6+ Kc7 60. Ra6 Rg1 61. Ra7+ Kb8 62. Rh7 Rg6 63. c6 Rg1 64. Kb6 Rb1+ 65. Kc5 Kc8 66. Kd6 Rd1+ 67. Kc5 Rc1+ 68. Kb6 Rb1+ 69. Kc5 Rc1+ 70. Kd6 Rd1+ 71. Kc5 Rc1+ 1/2-1/2


[Site "https://www.chess.com"]

[Event "Titled Tuesday Blitz February 14 Late 2023"]
[White "Pinheiro, Iung Alicio de O."]
[Black "Abdyzhaparov, Aidar"]
[WhiteFideId "2104350"]
[BlackFideId "13800361"]
[WhiteElo "2306"]
[BlackElo "1978"]
[Result "0-1"]
[Round "03"]
[TimeControl "180+2"]
[Date "2023.02.14"]
[WhiteClock "0:00:05"]
[BlackClock "0:00:15"]

1. e4 d6 2. d4 Nf6 3. Nc3 e5 4. Nf3 Nbd7 5. Rg1 Be7 6. g4 g6 7. g5 Nh5 8. Be3 c6 9. Qd2 O-O 10. O-O-O b5 11. dxe5 Nxe5 12. Nxe5 dxe5 13. Qe1 Qc7 14. Kb1 Be6 15. Be2 Nf4 16. Bg4 Bxg4 17. Rxg4 Rfd8 18. Rg1 Bb4 19. Rxd8+ Rxd8 20. Bxf4 exf4 21. a3 Bc5 22. e5 Bd4 23. e6 fxe6 24. Qxe6+ Qf7 25. Qxc6 Bxf2 26. Rf1 Bd4 27. Nxb5 Bb6 28. Nc3 f3 29. Ne4 f2 30. Nf6+ Kh8 31. Qf3 Qe7 32. Rxf2 Qe1+ 33. Ka2 Qe6+ 34. b3 Bxf2 35. Qxf2 Qf5 36. Qe2 Rc8 37. Kb2 Qxg5 38. Ne4 Qe5+ 39. Ka2 Re8 40. Qa6 Qxe4 41. Qf6+ Kg8 42. Qc3 Qe5 43. Qc4+ Qe6 44. Qc3 Rc8 45. Qd3 Qf5 0-1


[Site "https://www.chess.com"]

[Event "Titled Tuesday Blitz February 14 Late 2023"]
[White "Benmesbah, Natacha"]
[Black "Djokic, Mihailo"]
[WhiteFideId "642002"]
[BlackFideId "976440"]
[WhiteElo "2261"]
[BlackElo "2192"]
[Result "0-1"]
[Round "03"]
[TimeControl "180+2"]
[Date "2023.02.14"]
[WhiteClock "0:00:59"]
[BlackClock "0:01:46"]

1. e4 c5 2. Nf3 d6 3. Bb5+ Bd7 4. Bxd7+ Qxd7 5. O-O Nc6 6. c3 Nf6 7. Re1 e6 8. d4 cxd4 9. cxd4 d5 10. e5 Ne4 11. Nbd2 Nxd2 12. Bxd2 Bb4 13. Rc1 Bxd2 14. Qxd2 h6 15. b4 O-O 16. b5 Ne7 17. a4 Rfc8 18. Rxc8+ Rxc8 19. Rc1 Rc4 20. g3 Rxa4 21. Qb2 Nf5 22. Rc5 Qe7 23. Qc3 g5 24. Rc7 Qa3 25. Qxa3 Rxa3 26. Rxb7 Rxf3 27. Rxa7 Rb3 28. Rb7 Nxd4 29. b6 Nf3+ 30. Kg2 Nxe5 31. Rb8+ Kg7 32. b7 Nd7 0-1


[Site "https://www.chess.com"]

[Event "Titled Tuesday Blitz February 14 Late 2023"]
[White "Itkis, Boris"]
[Black "Ibadov, Dashgyn"]
[WhiteFideId "1209167"]
[BlackFideId "24107514"]
[WhiteElo "2329"]
[BlackElo "2391"]
[Result "0-1"]
[Round "03"]
[TimeControl "180+2"]
[Date "2023.02.14"]
[WhiteClock "0:00:38"]
[BlackClock "0:00:53"]

1. e4 c5 2. Nf3 d6 3. d4 cxd4 4. Nxd4 Nf6 5. Nc3 a6 6. f3 e5 7. Nb3 Be6 8. Be3 Be7 9. Qd2 h5 10. O-O-O Nbd7 11. Nd5 Bxd5 12. exd5 Qc7 13. Kb1 Nb6 14. Qa5 Rc8 15. c3 Bd8 16. Bxb6 Qxb6 17. Qxb6 Bxb6 18. Bd3 Ke7 19. Kc2 g6 20. Be2 Nd7 21. h4 f5 22. g4 hxg4 23. fxg4 Bf2 24. h5 gxh5 25. gxf5 h4 26. Na5 Rc7 27. Rh3 Rg8 28. Rf1 Bg3 29. Nc4 b5 30. Ne3 Nf6 31. Kd3 Rc5 32. b4 Rxd5+ 33. Nxd5+ Nxd5 34. Bd1 Rc8 35. Bb3 Rxc3+ 36. Kd2 Bf4+ 37. Rxf4 Rxh3 38. Rg4 Rh2+ 39. Kd3 Nf4+ 40. Ke3 Kf6 41. Rg8 Kxf5 0-1


[Site "https://www.chess.com"]

[Event "Titled Tuesday Blitz February 14 Late 2023"]
[White "Stachanczyk, Jacek"]
[Black "Baghdasaryan, Vahe"]
[WhiteFideId "1116657"]
[BlackFideId "13303139"]
[WhiteElo "2147"]
[BlackElo "2257"]
[Result "0-1"]
[Round "03"]
[TimeControl "180+2"]
[Date "2023.02.14"]
[WhiteClock "0:00:15"]
[BlackClock "0:00:49"]

1. e4 c5 2. Nf3 e6 3. d4 cxd4 4. Nxd4 Nf6 5. Nc3 Nc6 6. Be2 Bc5 7. Nxc6 bxc6 8. e5 Nd5 9. Ne4 Qb6 10. O-O O-O 11. c4 Ne7 12. b3 Bd4 13. Rb1 Bxe5 14. Be3 Qc7 15. f4 d5 16. fxe5 dxe4 17. Bc5 Nf5 18. g4 Rd8 19. Qc2 Qxe5 20. Ba3 Ne3 21. Qc1 Nxf1 22. Qxf1 Bb7 23. c5 Rd2 24. Qf2 0-1


[Site "https://www.chess.com"]

[Event "Titled Tuesday Blitz February 14 Late 2023"]
[White "Fajdetic, Hrvoje"]
[Black "Bayo Milagro, Alvaro"]
[WhiteFideId "14501945"]
[BlackFideId "22275240"]
[WhiteElo "2151"]
[BlackElo "2287"]
[Result "1-0"]
[Round "03"]
[TimeControl "180+2"]
[Date "2023.02.14"]
[WhiteClock "0:01:08"]
[BlackClock "0:01:05"]

1. d4 Nf6 2. Bf4 b6 3. Nc3 Bb7 4. Qd3 e6 5. e4 Bb4 6. e5 Ne4 7. Ne2 c5 8. a3 Bxc3+ 9. Nxc3 Nxc3 10. bxc3 Nc6 11. Qg3 O-O 12. Bh6 g6 13. Bxf8 Qxf8 14. Rd1 Rc8 15. h4 Ne7 16. Bd3 Nd5 17. h5 Qh6 18. Rh4 Qg7 19. hxg6 hxg6 20. Kd2 Kf8 21. Rdh1 g5 1-0


[Site "https://www.chess.com"]

[Event "Titled Tuesday Blitz February 14 Late 2023"]
[White "Aldokhin, Ivan"]
[Black "Chabris, Christopher"]
[WhiteFideId "24115720"]
[BlackFideId "2005263"]
[WhiteElo "2413"]
[BlackElo "2053"]
[Result "1-0"]
[Round "03"]
[TimeControl "180+2"]
[Date "2023.02.14"]
[WhiteClock "0:00:20"]
[BlackClock "0:00:01"]

1. e4 c5 2. Nf3 d6 3. d4 cxd4 4. Nxd4 Nf6 5. Nc3 a6 6. Bc4 e6 7. Bb3 Nbd7 8. O-O Nc5 9. Qf3 Be7 10. Re1 O-O 11. Qg3 Kh8 12. Bg5 Nxb3 13. axb3 Bd7 14. Rad1 b5 15. e5 dxe5 16. Nc6 Bxc6 17. Rxd8 Raxd8 18. Qxe5 h6 19. Qc7 hxg5 20. Qxc6 b4 21. Ne4 g4 22. Ng5 Rd5 23. h4 g3 24. Qc4 gxf2+ 25. Kxf2 Bc5+ 26. Kg3 Bd6+ 27. Kh3 Rf5 28. Rxe6 fxe6 29. Qxe6 Ne4 30. Qxe4 g6 31. Ne6 Re8 32. Qd4+ 1-0


[Site "https://www.chess.com"]

[Event "Titled Tuesday Blitz February 14 Late 2023"]
[White "Machidon, Cristi"]
[Black "Sliwicki, Damian"]
[WhiteFideId "13904590"]
[BlackFideId "1127128"]
[WhiteElo "2301"]
[BlackElo "2158"]
[Result "0-1"]
[Round "03"]
[TimeControl "180+2"]
[Date "2023.02.14"]
[WhiteClock "0:00:02"]
[BlackClock "0:00:16"]

1. d4 Nf6 2. c4 e6 3. Nf3 Bb4+ 4. Bd2 Qe7 5. e3 O-O 6. Bd3 Bxd2+ 7. Qxd2 d6 8. Nc3 e5 9. O-O e4 10. Bc2 exf3 11. gxf3 Bh3 12. Rfe1 Nh5 13. e4 Qh4 14. Kh1 Nd7 15. Rg1 c5 16. Nd5 cxd4 17. Qxd4 Ne5 18. Qe3 f6 19. Rad1 Kh8 20. b3 Rad8 21. Rd2 Be6 22. f4 Ng4 23. Rxg4 Bxg4 24. f3 Bxf3+ 25. Qxf3 Qe1+ 26. Kg2 Qxd2+ 27. Qf2 Qxf2+ 28. Kxf2 g5 29. f5 Nf4 30. Ne3 h5 31. b4 h4 32. Kf3 Rc8 33. Bb3 Rfe8 34. Ng4 Kg7 35. a3 b5 36. Ne3 a6 37. a4 bxa4 38. Bxa4 Re7 39. b5 axb5 40. Bxb5 Rb7 41. Nd1 Rcb8 42. Nc3 Ra8 43. Ke3 Ra3 44. Kd4 Rc7 45. Nd1 Ne2+ 46. Kd5 Rd3+ 47. Ke6 Nf4# 0-1


[Site "https://www.chess.com"]

[Event "Titled Tuesday Blitz February 14 Late 2023"]
[White "Kanyamarala, Tarun"]
[Black "Rose, Felix"]
[WhiteFideId "45004714"]
[BlackFideId "5105722"]
[WhiteElo "2342"]
[BlackElo "2091"]
[Result "1-0"]
[Round "03"]
[TimeControl "180+2"]
[Date "2023.02.14"]
[WhiteClock "0:00:16"]
[BlackClock "0:00:22"]

1. d4 e6 2. Nf3 d5 3. Bf4 Nf6 4. e3 Bd6 5. Nbd2 O-O 6. Ne5 c5 7. c3 b6 8. Bd3 Bb7 9. Qf3 Nc6 10. Qh3 Ne7 11. Ndf3 Ne4 12. Bxe4 dxe4 13. Ng5 h6 14. Nexf7 Rxf7 15. Nxf7 Kxf7 16. O-O-O Bxf4 17. exf4 cxd4 18. Rxd4 Qc7 19. Rhd1 Bd5 20. f5 Qf4+ 21. Kb1 Qxf5 22. Qg3 Rc8 23. Ka1 Kg8 24. a3 a5 25. Qd6 Nc6 26. R4d2 Qf8 27. Qd7 a4 28. c4 Na5 29. cxd5 Nb3+ 30. Ka2 Nxd2 31. Qxe6+ Kh8 32. Rxd2 Re8 33. Qxb6 Rb8 34. Qd4 Qe8 35. d6 Qb5 36. Qd5 Qb3+ 37. Qxb3 axb3+ 38. Kb1 e3 39. fxe3 Rf8 40. Rd1 Kg8 41. d7 Rd8 42. a4 Kf7 43. a5 Ke7 44. a6 g5 45. g4 Ke6 46. a7 Ke7 47. e4 1-0


[Site "https://www.chess.com"]

[Event "Titled Tuesday Blitz February 14 Late 2023"]
[White "Guzman Moneo, Alberto"]
[Black "O`Gorman, Tom"]
[WhiteFideId "2209616"]
[BlackFideId "2508249"]
[WhiteElo "2170"]
[BlackElo "2355"]
[Result "1/2-1/2"]
[Round "03"]
[TimeControl "180+2"]
[Date "2023.02.14"]
[WhiteClock "0:00:28"]
[BlackClock "0:00:16"]

1. Nf3 c5 2. e4 d6 3. c3 Nf6 4. h3 Nc6 5. Bd3 d5 6. e5 Nd7 7. Qe2 Qc7 8. Bb5 a6 9. Bxc6 Qxc6 10. O-O e6 11. d4 Be7 12. Bg5 Bxg5 13. Nxg5 h6 14. Nf3 b5 15. Nbd2 O-O 16. dxc5 Nxc5 17. Nb3 Na4 18. Nbd4 Qc7 19. Nh2 Rb8 20. a3 Bd7 21. Rad1 a5 22. Rd3 b4 23. axb4 axb4 24. Rg3 bxc3 25. bxc3 f5 26. exf6 Rxf6 27. Ng4 Rg6 28. Qc2 Rg5 29. h4 Rxg4 30. Rxg4 e5 31. Nf5 Bxf5 32. Qxf5 Nxc3 33. Re1 Ne4 34. f3 Qc3 35. Rexe4 dxe4 36. Rxe4 Re8 37. h5 Qc7 38. Kh2 Qe7 39. Rg4 Kh8 40. Qg6 Qf6 41. Qxf6 gxf6 42. Rg6 Kh7 43. Rxf6 e4 44. fxe4 Rxe4 45. Kh3 Re3+ 46. g3 Re5 47. g4 Re1 48. Rf7+ Kg8 49. Ra7 Rh1+ 50. Kg3 Rf1 51. Ra6 Kg7 52. Rg6+ Kh7 53. Kg2 Rf4 54. Kg1 Rf3 55. Kh2 Rf2+ 56. Kg3 Rf1 57. Rb6 Kg7 58. Rb4 Kh7 59. Rf4 Rg1+ 60. Kf3 Rf1+ 61. Ke4 Ra1 62. Rf7+ Kg8 63. Rf6 Kh7 64. Kf4 Rf1+ 65. Ke5 Re1+ 66. Kf5 Rf1+ 67. Ke6 Rg1 68. Rg6 Re1+ 69. Kf7 Rf1+ 70. Rf6 Rg1 71. Rg6 Rf1+ 72. Ke6 Re1+ 73. Kf5 Rf1+ 74. Ke4 Re1+ 75. Kf4 Rf1+ 76. Kg3 Rg1+ 77. Kh2 Rf1 78. Kg2 Rf4 79. Kg3 Rf1 1/2-1/2


[Site "https://www.chess.com"]

[Event "Titled Tuesday Blitz February 14 Late 2023"]
[White "Lucassen, Mickey"]
[Black "Smith, Garrett L"]
[WhiteFideId "12919110"]
[BlackFideId "2024829"]
[WhiteElo "2023"]
[BlackElo "2047"]
[Result "1-0"]
[Round "03"]
[TimeControl "180+2"]
[Date "2023.02.14"]
[WhiteClock "0:00:10"]
[BlackClock "0:00:12"]

1. d4 Nf6 2. Nc3 d5 3. Bf4 e6 4. Nb5 Na6 5. e3 Be7 6. a3 O-O 7. Nf3 c6 8. Nc3 c5 9. Ne5 Nd7 10. Qh5 Nxe5 11. Bxe5 c4 12. Be2 Nc7 13. O-O a5 14. f4 g6 15. Qh6 f6 16. Bxc7 Qxc7 17. e4 dxe4 18. Nxe4 Bd7 19. c3 b5 20. Bf3 Bc6 21. Qh3 Bd5 22. Nd2 Ra6 23. Bxd5 exd5 24. Rae1 b4 25. axb4 axb4 26. Qf3 Rd8 27. Re2 bxc3 28. bxc3 Ra2 29. Rfe1 Bf8 30. f5 g5 31. Nf1 Rxe2 32. Rxe2 Qf7 33. Re6 Rd6 34. Re2 Kg7 35. Ng3 Qd7 36. Nh5+ Kf7 37. Qe3 Ra6 38. Qf3 Ra1+ 39. Kf2 Ra6 40. Ng3 Ra5 41. h4 Bd6 42. hxg5 fxg5 43. Qh5+ Kf8 44. Qh6+ Kg8 45. Re6 Be7 46. Nh5 Ra2+ 47. Kf3 Bf8 48. Nf6+ Kh8 49. Qxf8# 1-0


[Site "https://www.chess.com"]

[Event "Titled Tuesday Blitz February 14 Late 2023"]
[White "Chor, Kevin"]
[Black "Djabri,Massinas"]
[WhiteFideId "2090740"]
[BlackFideId "7905726"]
[WhiteElo "1944"]
[BlackElo "2231"]
[Result "1-0"]
[Round "03"]
[TimeControl "180+2"]
[Date "2023.02.14"]
[WhiteClock "0:00:18"]
[BlackClock "0:00:02"]

1. e4 c5 2. Nf3 d6 3. d4 cxd4 4. Nxd4 Nf6 5. Nc3 a6 6. Be2 e5 7. Nb3 Be7 8. O-O O-O 9. Be3 Be6 10. Nd5 Nbd7 11. Qd3 Bxd5 12. exd5 Rc8 13. c4 a5 14. Rac1 a4 15. Nd2 Nc5 16. Qc3 b5 17. b4 axb3 18. axb3 bxc4 19. Bxc4 Nfe4 20. Nxe4 Nxe4 21. Qd3 f5 22. f4 exf4 23. Bxf4 Bg5 24. Rce1 Qb6+ 25. Be3 Bxe3+ 26. Qxe3 Qxe3+ 27. Rxe3 Nd2 28. Rf4 g5 29. Rd4 Ne4 30. g4 Nc5 31. b4 Nd7 32. Re6 Ne5 33. Be2 Rc2 34. Bd1 Rc1 35. Kg2 f4 36. Rxd6 f3+ 37. Kf2 Rb1 38. Re6 Rb2+ 39. Kf1 Ng6 40. Re3 Nh4 41. Rdd3 f2 42. d6 Rxb4 43. d7 Rbb8 44. Bb3+ Kg7 45. Re7+ Kf6 46. Rxh7 Ke5 47. Re7+ Kf4 48. Kxf2 Kxg4+ 49. Ke2 Ng6 50. Be6+ Kf4 51. Rf7+ Rxf7 52. Bxf7 Ne5 53. d8=Q Rxd8 54. Rxd8 Nxf7 55. Rf8 Kg4 56. Rxf7 Kh3 57. Kf2 g4 58. Rh7# 1-0


[Site "https://www.chess.com"]

[Event "Titled Tuesday Blitz February 14 Late 2023"]
[White "Zampronha, Wladimir Camilo"]
[Black "Perera Alfonso, Rene Humberto"]
[WhiteFideId "2103087"]
[BlackFideId "3514722"]
[WhiteElo "2176"]
[BlackElo "2320"]
[Result "1-0"]
[Round "03"]
[TimeControl "180+2"]
[Date "2023.02.14"]
[WhiteClock "0:01:03"]
[BlackClock "0:01:39"]

1. e4 c5 2. Nf3 d6 3. d4 cxd4 4. Nxd4 Nf6 5. Nc3 g6 6. Be3 a6 7. f3 e5 8. Nb3 h5 9. Qd2 Be6 10. O-O-O Nbd7 11. Kb1 Rc8 12. Nd5 Nxd5 13. exd5 Bf5 14. Bd3 Bxd3 15. Qxd3 Bg7 16. g4 h4 17. g5 b5 18. Nd2 O-O 19. Ne4 Nb6 20. Bxb6 Qxb6 21. Nf6+ Bxf6 22. gxf6 Rc4 23. Rhg1 Rfc8 24. Rg2 Rf4 25. Rxg6+ Kf8 26. Rh6 Ke8 27. Rh8+ Kd7 28. Rxc8 Kxc8 29. Qh7 Rxf6 30. Qxh4 Rf4 31. Qe7 Qd8 32. Qa7 Qa5 33. Rg1 Qc7 34. Qxa6+ Qb7 35. Qxd6 1-0


[Site "https://www.chess.com"]

[Event "Titled Tuesday Blitz February 14 Late 2023"]
[White "Torres Dominguez, David"]
[Black "Brilej, Jaka"]
[WhiteFideId "2220857"]
[BlackFideId "14618818"]
[WhiteElo "1994"]
[BlackElo "2321"]
[Result "0-1"]
[Round "03"]
[TimeControl "180+2"]
[Date "2023.02.14"]
[WhiteClock "0:00:02"]
[BlackClock "0:01:07"]

1. e4 d6 2. Nc3 Nf6 3. f4 g6 4. Nf3 Bg7 5. Bc4 c5 6. d3 O-O 7. O-O a6 8. a4 Nc6 9. Qe1 e6 10. Qh4 d5 11. Ba2 Nb4 12. Bb1 b6 13. f5 exf5 14. Bh6 dxe4 15. Bxg7 Kxg7 16. dxe4 Nxe4 17. Qxd8 Rxd8 18. Nxe4 fxe4 19. Ng5 f5 20. c3 Nd3 21. Ba2 h6 22. Nh3 Nxb2 23. Rab1 Nxa4 24. Rfc1 b5 25. Bb3 Nb6 26. Nf4 c4 27. Bc2 g5 28. Ne2 Nd5 29. Bd1 Kf6 30. Ra1 Be6 31. Nd4 Nxc3 32. Nxe6 Rxd1+ 33. Rxd1 Nxd1 34. Nc7 Rc8 35. Nxa6 Ra8 36. Rxd1 Rxa6 37. Rd6+ Rxd6 0-1


[Site "https://www.chess.com"]

[Event "Titled Tuesday Blitz February 14 Late 2023"]
[White "Tarnowska, Aleksandra"]
[Black "Krallis, Christos"]
[WhiteFideId "1180967"]
[BlackFideId "4298896"]
[WhiteElo "1835"]
[BlackElo "2344"]
[Result "0-1"]
[Round "03"]
[TimeControl "180+2"]
[Date "2023.02.14"]
[WhiteClock "0:00:02"]
[BlackClock "0:00:14"]

1. e4 d6 2. d4 e5 3. Ne2 Nf6 4. Nbc3 Be7 5. Be3 O-O 6. f3 c6 7. Qd2 b5 8. dxe5 dxe5 9. O-O-O Qa5 10. a3 Be6 11. Nb1 Qc7 12. g4 Rd8 13. Qe1 Na6 14. Ng3 Rxd1+ 15. Kxd1 Rd8+ 16. Bd3 Nc5 17. Ke2 Nxd3 18. cxd3 g6 19. Qc3 Qd7 20. h4 c5 21. Rd1 b4 22. axb4 cxb4 23. Qd2 Nxg4 24. h5 Nxe3 25. Qxe3 Bb3 26. Rd2 Qh3 27. hxg6 Qxg3 28. gxh7+ Kh8 29. Qh6 Qg2+ 30. Ke1 Qg1+ 31. Ke2 Bg5 32. Qh3 Bxd2 33. Nxd2 Bd1# 0-1


[Site "https://www.chess.com"]

[Event "Titled Tuesday Blitz February 14 Late 2023"]
[White "Romero Ruscalleda, Josep"]
[Black "Ezat, Mohamed"]
[WhiteFideId "2231859"]
[BlackFideId "10600906"]
[WhiteElo "2160"]
[BlackElo "2402"]
[Result "0-1"]
[Round "03"]
[TimeControl "180+2"]
[Date "2023.02.14"]
[WhiteClock "0:00:09"]
[BlackClock "0:00:54"]

1. e4 e5 2. Nf3 Nc6 3. Bc4 Nf6 4. d4 exd4 5. e5 d5 6. Bb5 Ne4 7. Nxd4 Bc5 8. O-O O-O 9. Bxc6 bxc6 10. Be3 Bd7 11. Nd2 f5 12. exf6 Qxf6 13. Nxe4 dxe4 14. c3 Rab8 15. Nc2 Bd6 16. Rb1 Be6 17. Bxa7 Rb5 18. Bd4 Qh6 19. g3 Rh5 20. Be3 Qg6 21. Nd4 Bg4 22. Qb3+ Kh8 23. c4 c5 24. Nb5 Rxh2 25. Nxd6 Bf3 26. Nf7+ Qxf7 27. Kxh2 Qh5+ 0-1


[Site "https://www.chess.com"]

[Event "Titled Tuesday Blitz February 14 Late 2023"]
[White "Zochowski, Kacper"]
[Black "Sabar, Ethmane Daouda"]
[WhiteFideId "1125494"]
[BlackFideId "19600097"]
[WhiteElo "2262"]
[BlackElo "2040"]
[Result "1-0"]
[Round "03"]
[TimeControl "180+2"]
[Date "2023.02.14"]
[WhiteClock "0:00:25"]
[BlackClock "0:00:07"]

1. Nf3 d5 2. c4 c6 3. e3 e6 4. Nc3 f5 5. Be2 Nf6 6. O-O Bd6 7. b3 O-O 8. Bb2 Bd7 9. Qc1 Be8 10. Ba3 Bh5 11. Bxd6 Qxd6 12. d4 Nbd7 13. c5 Qc7 14. b4 a6 15. a4 h6 16. b5 axb5 17. axb5 Rfb8 18. Ra3 Qd8 19. Rb3 Ra5 20. Ne5 Bxe2 21. Nxe2 Nxe5 22. dxe5 Nd7 23. f4 Rxb5 24. Rxb5 cxb5 25. Nd4 Qe7 26. c6 Nc5 27. Qa3 b6 28. Rb1 Rc8 29. Rxb5 Qc7 30. h3 Kf7 31. Kh2 g5 32. Rxc5 bxc5 33. Qxc5 gxf4 34. exf4 h5 35. Qd6 Qe7 36. Nb5 h4 37. c7 Ke8 38. Qc6+ Kf7 39. Nd6+ Kg6 40. Nxc8 1-0


[Site "https://www.chess.com"]